Workbook

Sheet Hoja1
A1: EVALUACIÓN FINANCIERA Y ORGANIZACIONAL
A2: PROCESO DE CONTRATACIÓN BAJO LA MODALIDAD DE LICITACIÓN PÚBLICA N°1 DE 2019
A3: OBJETO: ADECUACIÓN Y MANTENIMIENTO DE LA SEDE CENTRAL ETAPA III DEL INSTITUTO GEOGRÁFICO AGUSTÍN CODAZZI
A4: FIRMA | B4: Registro Único de Proponentes | C4: Cumplimiento Ley 789/02 Art. 50 | D4: Capacidad Residual | E4: Índice de liquidez | F4: Endeudamiento | G4: Razón de Cobertura de Intereses | H4: Rentabilidad Sobre Patrimonio | I4: Rentabilidad Sobre Activos
A5: OL INGENIERIA DE CONSTRUCCIÓN SAS | B5: CUMPLE | C5: SUBSANAR | D5: =+Hoja3!J4 -> CUMPLE | E5: 10.19 | F5: 0.49 | G5: 49.95 | H5: 0.1 | I5: 0.05
A6: INVERSIONES GUERFOR S.A. | B6: CUMPLE | C6: SUBSANAR | D6: =+Hoja3!J5 -> CUMPLE | E6: 2.28 | F6: 0.49 | G6: 9.24 | H6: 0.08 | I6: 0.04
A7: CONSORCIO AYT | B7: CUMPLE | C7: CUMPLE | D7: CUMPLE | E7: 4.8204251 | F7: 0.10898239 | G7: 4.737938 | H7: 0.10308938 | I7: 0.091854452
A8: CONSORCIO CILAM 2019 | B8: CUMPLE | C8: SUBSANAR | D8: SUBSANAR | E8: 9.2958234 | F8: 0.18639251 | G8: 19.067464 | H8: 0.158655 | I8: 0.1290829
A9: CONSORCIO AR-AJ | B9: CUMPLE | C9: SUBSANAR | D9: CUMPLE | E9: 69.048718 | F9: 0.019480435 | G9: N/A | H9: 0.17129777 | I9: 0.16796082
A10: EBISUS SAS | B10: CUMPLE | C10: CUMPLE | D10: CUMPLE | E10: 5.38 | F10: 0.43 | G10: 33.95 | H10: 0.24 | I10: 0.14
A11: NEOGLOBAL SAS | B11: CUMPLE | C11: SUBSANAR | D11: CUMPLE | E11: 2.71 | F11: 0.69 | G11: 3.52 | H11: 0.6 | I11: 0.18
A12: GRUPO EMPRESARIAL PINZÓN MUÑOZ SAS | B12: CUMPLE | C12: SUBSANAR | D12: SUBSANAR | E12: 4.63 | F12: 0.49 | G12: 10.53 | H12: 0.29 | I12: 0.14
A13: INGENIERIA Y TECNOLOGIA APLICADA SAS | B13: CUMPLE | C13: CUMPLE | D13: =+Hoja3!J12 -> CUMPLE | E13: 12.5 | F13: 0.38 | G13: 6.37 | H13: 0.28 | I13: 0.17
A14: GESTION RURAL Y URBANA SAS | B14: CUMPLE | C14: CUMPLE | D14: =+Hoja3!J13 -> CUMPLE | E14: 4.36 | F14: 0.43 | G14: 7.84 | H14: 0.15 | I14: 0.08
A15: CONSORCIO CODAZZI | B15: CUMPLE | C15: SUBSANAR | D15: SUBSANAR | E15: 7.4640242 | F15: 0.44525326 | G15: 44.036802 | H15: 0.37842911 | I15: 0.20993232
A16: CONSTRUCCIONES KYOTO SAS | B16: CUMPLE | C16: SUBSANAR | D16: =+Hoja3!J15 -> CUMPLE | E16: 2.38 | F16: 0.43 | G16: 12.21 | H16: 0.64 | I16: 0.36
A17: UNION TEMPORAL SEREM 60 - 40 | B17: CUMPLE | C17: CUMPLE | D17: =+Hoja3!J16 -> CUMPLE | E17: 9.4738575 | F17: 0.32840886 | G17: 12.182036 | H17: 0.1741202 | I17: 0.11428632
A18: MODERLINE | B18: CUMPLE | C18: CUMPLE | D18: CUMPLE | E18: 2.44 | F18: 0.49 | G18: 7.97 | H18: 0.25 | I18: 0.13
A19: CONSORCIO IGAC SEDE CENTRAL 2019 | B19: CUMPLE | C19: CUMPLE | D19: CUMPLE | E19: 5.8894663 | F19: 0.17157494 | G19: 39253.007 | H19: 0.40867979 | I19: 0.33856058
A20: CONSORCIO WG CODAZZI 2019 | B20: CUMPLE | C20: SUBSANAR | D20: CUMPLE | E20: 2.6168997 | F20: 0.45233983 | G20: 11.782144 | H20: 0.2436757 | I20: 0.13345148
A21: DISCEP SAS | B21: CUMPLE | C21: CUMPLE | D21: =+Hoja3!J20 -> CUMPLE | E21: 20.87 | F21: 0.4 | G21: 12.7 | H21: 0.27 | I21: 0.16
A22: CONSORCIO PROYECTAR 1 | B22: CUMPLE | C22: SUBSANAR | D22: CUMPLE | E22: 5.3470201 | F22: 0.21459004 | G22: 4.8863421 | H22: 0.1098235 | I22: 0.086256471
A23: JULIO JAVIER PALOMINO CASTILLO | B23: CUMPLE | C23: SUBSANAR | D23: =+Hoja3!J22 -> CUMPLE | E23: 12.44 | F23: 0.13 | G23: 24.72 | H23: 0.09 | I23: 0.08
A24: VICTOR JULIO NASSIFF FIGUEROA | B24: CUMPLE | C24: CUMPLE | D24: SUBSANAR | E24: 13.87 | F24: 0.05 | G24: 58.85 | H24: 0.26 | I24: 0.25
A25: CONSORCIO SIBRAR | B25: CUMPLE | C25: SUBSANAR | D25: SUBSANAR | E25: 31.703707 | F25: 0.34138298 | G25: 75.971614 | H25: 0.24554036 | I25: 0.16171706
A26: CONSORCIO IGAC SC 2019 | B26: CUMPLE | C26: SUBSANAR | D26: SUBSANAR | E26: 431.83991 | F26: 0.025863424 | G26: 140.10044 | H26: 0.32931567 | I26: 0.32079844
A27: OBRAS Y SISTEMAS SAS | B27: CUMPLE | C27: SUBSANAR | D27: SUBSANAR | E27: 19.05 | F27: 0.52 | G27: 12.2 | H27: 0.59 | I27: 0.28
A28: HERING SAS | B28: NO CUMPLE | C28: SUBSANAR | D28: SUBSANAR
A29: OBRACOL SAS CONSTRUCTORA | B29: CUMPLE | C29: CUMPLE | D29: SUBSANAR | E29: 3.32 | F29: 0.29 | G29: 3.22 | H29: 0.17 | I29: 0.12
A30: CONSORCIO SANTA ANA IGAC | B30: CUMPLE | C30: CUMPLE | D30: SUBSANAR | E30: 5.0525015 | F30: 0.42923756 | G30: 13.829707 | H30: 0.48199588 | I30: 0.27510514
A31: ARINDEC SAS | B31: CUMPLE | C31: CUMPLE | D31: SUBSANAR | E31: 5.26 | F31: 0.3 | G31: 4.93 | H31: 0.2 | I31: 0.14
A32: CARLOS RODOLFO DAZA RAMIREZ | B32: CUMPLE | C32: CUMPLE | D32: CUMPLE | E32: 10.49 | F32: 0.2 | G32: 108.14 | H32: 0.29 | I32: 0.23
A33: CONSORCIO MANTOSAR | B33: CUMPLE | C33: CUMPLE | D33: CUMPLE | E33: 32.382996 | F33: 0.028969587 | G33: 579.50982 | H33: 0.29930515 | I33: 0.2906344
A34: CONSORCIO CGJ | B34: CUMPLE | C34: SUBSANAR | D34: SUBSANAR | E34: 13.393733 | F34: 0.065767476 | G34: 4.88438 | H34: 0.093979739 | I34: 0.087798929
A35: GUSTAVO ADOLFO TORRES DUARTE | B35: CUMPLE | C35: CUMPLE | D35: CUMPLE | E35: 27.1 | F35: 0.4 | G35: 5.14 | H35: 0.25 | I35: 0.15
A36: CONSORCIO ESFUERZO VERTICAL IGAC | B36: CUMPLE | C36: CUMPLE | D36: CUMPLE | E36: 15.580515 | F36: 0.28876943 | G36: 27.4844 | H36: 0.25426974 | I36: 0.18084441
A37: CUMBRE ASOCIADOS LIMITADA | B37: CUMPLE | C37: CUMPLE | D37: CUMPLE | E37: 8.63 | F37: 0.36 | G37: 27.2 | H37: 0.27 | I37: 0.17
A38: CONSORCIO NMM | B38: CUMPLE | C38: CUMPLE | D38: CUMPLE | E38: 5.9253523 | F38: 0.4644335 | G38: 43.905476 | H38: 0.65284714 | I38: 0.34964306
A40: RESULTADO EVALUACIÓN FINANCIERA:
A41: Las empresas OL Ingeniería de Construcción SAS, Inversiones Guerfor S.A., LAM Construcciones SAS (del Consorcio CILAM 2019), Constructora ARQUIM (del Consorcio AR-AJ), Neoglobal SAS, Ingeniería de Nariño y Asociados SAS, Organización Proyect SAS, Normalizar Ingeniería SAS (del Consorcio Codazzi), Geplant SAS (del Consorcio WG Codazzi 2019), Syoc Diseño y Construcción SAS (del Consorcio Proyectar 1), Braco Constructor SAS, Ariete Ingeniería y Construcciones SAS, Servicios Integrales de Construcción (del Consorcio SIBRAR), Jaime Andrés Arévalo, PROINCO Ingeniería SAS (del Consorcio IGAC SC 2019), Obras y Sistemas SAS, HERING SAS, CONTRONET Ltda, Constructora GILLI SAS, Javier Orlando Ramírez Rodríguez (del Consorcio CGJ) deben adjuntar la Planilla resumen de aportes parafiscales tipo E en estado pagada, ya que no la adjuntaron, de acuerdo a lo establecido en el numeral 2.7.2.1. Las empresas LAM Construcciones SAS (del Consorcio CILAM 2019), Grupo Empresarial Pinzón Muñoz SAS, Construcciones Kyoto, William Cardona Olmos, Geplant SAS (del Consorcio WG Codazzi 2019), Julio Javier Palomino Castillo, CONTRONET Ltda (del Consorcio CGJ) deben presentar la certificación de aportes actualizada, de acuerdo a lo establecido en el numeral 2.7.2.1 Las empresas LAM Construcciones SAS (del Consorcio CILAM 2019), Grupo Empresarial Pinzón Muñoz SAS, Ingeniería de Nariño y Asociados SAS, Organización Proyect SAS, Normalizar Ingeniería SAS (del Consorcio Codazzi), Jaime Andrés Arévalo, PROINCO Ingeniería SAS (del Consorcio IGAC SC 2019), Obras y Sistemas SAS, HERING SAS, OBRACOL SAS Constructora, Construir XXI SAS, Constructora Darja SAS (del Consorcio Santa Ana IGAC), ARINDEC SAS deben presentar el estado de resultados que contiene el mejor ingreso operacional de los últimos cinco (5) años, debidamente auditado y aprobado por el contador público o revisor fiscal según corresponda y suscrito por el representante legal, para certificar la capacidad de organización, de acuerdo a lo establecido en el numeral 2.7.2.4. Las empresas Víctor Julio Nassiff Figueroa, Braco Constructor SAS, Servicios Integrales de Construcción (del Consorcio SIBRAR), Jaime Andrés Arévalo, PROINCO Ingeniería SAS (del Consorcio IGAC SC 2019), OBRACOL SAS Constructora, CONTRONET Ltda (del Consorcio CGJ) deben adjuntar los documentos de capacidad residual solicitados en el numeral 2.7.2.4. La empresa HERING SAS debe adjuntar el RUP actualizado, ya que presentó el RUP de otra empresa, con el fin de revisar los indicadores financieros solicitados en el numeral 2.7.2.
A45: FERNANDO BENAVIDES VILLOTA
A46: Coordinador GIT Financiera
A48: Bogotá, 18 de octubre de 2019

Sheet Hoja2 (2)
J2: 0.6 | K2: 0.4
B3: CAPACIDAD FINANCIERA | C3: ARQUIMCO SAS | D3: SEGUNDISALVO PARDO | G3: SUMATORIA | J3: TRANSPORTES ESPECIALES NUEVA ERA | K3: TRANSPORTES Y VIAJES TURISCAR
B4: LIQUIDEZ | C4: =+J4/J6 -> 9.7647509 | D4: =+K4/K6 -> 3.8684658 | G4: =+((J4*$J$2)+(K4*$K$2))/((J6*$J$2)+(K6*$K$2)) -> 4.8204251 | I4: ACTIVO CORRIENTE | J4: 682404345 | K4: 2106198827
B5: ENDEUDAMIENTO | C5: =+J7/J5 -> 0.060711445 | D5: =+K7/K5 -> 0.1547429 | G5: =+((J7*$J$2)+(K7*$K$2))/((J5*$J$2)+(K5*$K$2)) -> 0.10898239 | I5: ACTIVO TOTAL | J5: 2955256492 | K5: 4676074414
B6: COBERTURA DE INTERESES | C6: =+J9/J10 -> 3.6620293 | D6: =+K9/K10 -> 6.0354611 | G6: =+((J9*$J$2)+(K9*$K$2))/((J10*$J$2)+(K10*$K$2)) -> 4.737938 | I6: PASIVO CORRIENTE | J6: 69884460 | K6: 544453257
B7: RENTABILIDAD PATRIMONIO | C7: =+J9/J8 -> 0.084909107 | D7: =+K9/K8 -> 0.12224145 | G7: =+((J9*$J$2)+(K9*$K$2))/((J8*$J$2)+(K8*$K$2)) -> 0.10308938 | I7: PASIVO | J7: 179417892 | K7: 723589324
B8: RENTABILIDAD ACTIVO | C8: =+J9/J5 -> 0.079754153 | D8: =+K9/K5 -> 0.10332545 | G8: =+((J9*$J$2)+(K9*$K$2))/((J5*$J$2)+(K5*$K$2)) -> 0.091854452 | I8: PATRIMONIO | J8: 2775838600 | K8: 3952485090
I9: UTILIDAD | J9: 235693977 | K9: 483157489
I10: GASTOS DE INTERESES | J10: 64361576 | K10: 80053120
C16: 4.8204251
C17: 0.10898239
C18: 4.737938
C19: 0.10308938
C20: 0.091854452
D22: 4.8204251 | E22: 0.10898239 | F22: 4.737938 | G22: 0.10308938 | H22: 0.091854452
J24: 0.5 | K24: 0.5
B25: CAPACIDAD FINANCIERA | C25: CIVILMAQ SAS | D25: LAM CONSTRUCCIONES SAS | G25: SUMATORIA | J25: CIVILMAQ SAS | K25: LAM CONSTRUCCIONES SAS
B26: LIQUIDEZ | C26: =+J26/J28 -> 8.8359985 | D26: =+K26/K28 -> 9.6576733 | G26: =+((J26*$J$24)+(K26*$K$24))/((J28*$J$24)+(K28*$K$24)) -> 9.2958234 | I26: ACTIVO CORRIENTE | J26: 1376827274 | K26: 1912319383
B27: ENDEUDAMIENTO | C27: =+J29/J27 -> 0.25529834 | D27: =+K29/K27 -> 0.099987711 | G27: =+((J29*$J$24)+(K29*$K$24))/((J27*$J$24)+(K27*$K$24)) -> 0.18639251 | I27: ACTIVO TOTAL | J27: 2483265313 | K27: 1980346983
B28: COBERTURA DE INTERESES | C28: =+J31/J32 -> 28.302502 | D28: =+K31/K32 -> 11.305912 | G28: =+((J31*$J$24)+(K31*$K$24))/((J32*$J$24)+(K32*$K$24)) -> 19.067464 | I28: PASIVO CORRIENTE | J28: 155820225 | K28: 198010361
B29: RENTABILIDAD PATRIMONIO | C29: =+J31/J30 -> 0.21118758 | D29: =+K31/K30 -> 0.10414898 | G29: =+((J31*$J$24)+(K31*$K$24))/((J30*$J$24)+(K30*$K$24)) -> 0.158655 | I29: PASIVO | J29: 633973523 | K29: 198010361
B30: RENTABILIDAD ACTIVO | C30: =+J31/J27 -> 0.15727174 | D30: =+K31/K27 -> 0.093735363 | G30: =+((J31*$J$24)+(K31*$K$24))/((J27*$J$24)+(K27*$K$24)) -> 0.1290829 | I30: PATRIMONIO | J30: 1849291790 | K30: 1782336622
I31: UTILIDAD | J31: 390547467 | K31: 185628543
I32: GASTOS DE INTERESES | J32: 13799044 | K32: 16418714
C36: 9.2958234
C37: 0.18639251
C38: 19.067464
C39: 0.158655
C40: 0.1290829
D42: 9.2958234 | E42: 0.18639251 | F42: 19.067464 | G42: 0.158655 | H42: 0.1290829
J44: 0.7 | K44: 0.3
B45: CAPACIDAD FINANCIERA | C45: CONSTRUCTORA ARQUIM | D45: ARTURO JURADO ALVARAN | G45: SUMATORIA | J45: CONSTRUCTORA ARQUIM | K45: ARTURO JURADO ALVARAN
B46: LIQUIDEZ | C46: =+J46/J48 -> 80.85284 | D46: =+K46/K48 -> 48.318088 | G46: =+((J46*$J$44)+(K46*$K$44))/((J48*$J$44)+(K48*$K$44)) -> 69.048718 | I46: ACTIVO CORRIENTE | J46: 2305923000 | K46: 1830869000
B47: ENDEUDAMIENTO | C47: =+J49/J47 -> 0.012349405 | D47: =+K49/K47 -> 0.038370143 | G47: =+((J49*$J$44)+(K49*$K$44))/((J47*$J$44)+(K47*$K$44)) -> 0.019480435 | I47: ACTIVO TOTAL | J47: 2309423000 | K47: 2034264000
B48: COBERTURA DE INTERESES | C48: =+J51/J52 -> #DIV/0! | D48: =+K51/K52 -> #DIV/0! | G48: =+((J51*$J$44)+(K51*$K$44))/((J52*$J$44)+(K52*$K$44)) -> #DIV/0! | I48: PASIVO CORRIENTE | J48: 28520000 | K48: 37892000
B49: RENTABILIDAD PATRIMONIO | C49: =+J51/J50 -> 0.12315429 | D49: =+K51/K50 -> 0.30227803 | G49: =+((J51*$J$44)+(K51*$K$44))/((J50*$J$44)+(K50*$K$44)) -> 0.17129777 | I49: PASIVO | J49: 28520000 | K49: 78055000
B50: RENTABILIDAD ACTIVO | C50: =+J51/J47 -> 0.12163341 | D50: =+K51/K47 -> 0.29067958 | G50: =+((J51*$J$44)+(K51*$K$44))/((J47*$J$44)+(K47*$K$44)) -> 0.16796082 | I50: PATRIMONIO | J50: 2280903000 | K50: 1956209000
I51: UTILIDAD | J51: 280903000 | K51: 591319000
I52: GASTOS DE INTERESES | J52: 0 | K52: 0
I54: UTILIDAD | J54: 9645748480
I55: GASTOS DE INTERESES | J55: 1152292599
C58: 69.048718
C59: 0.019480435
C60: #DIV/0!
C61: 0.17129777
C62: 0.16796082
D64: 69.048718 | E64: 0.019480435 | F64: #DIV/0! | G64: 0.17129777 | H64: 0.16796082
J66: 0.1 | K66: 0.1 | L66: 0.8 | M66: 0.25
B67: CAPACIDAD FINANCIERA | C67: INGENIERIA DE NARIÑO Y ASOCIADOS SAS | D67: ORGANIZACIÓN PROYECT SAS | E67: NORMALIZAR INGENIERIA SAS | G67: SUMATORIA | J67: INGENIERIA DE NARIÑO Y ASOCIADOS SAS | K67: ORGANIZACIÓN PROYECT SAS | L67: NORMALIZAR INGENIERIA SAS
B68: LIQUIDEZ | C68: =+J68/J70 -> 10.472085 | D68: =+K68/K70 -> 15.406412 | E68: =+L68/L70 -> 3.6604481 | F68: =+M68/M70 -> #DIV/0! | G68: =+((J68*$J$66)+(K68*$K$66)+(L68*$L$66)+(M68*$M$66))/((J70*$J$66)+(K70*$K$66)+(L70*$L$66)+(M70*$M$66)) -> 7.4640242 | I68: ACTIVO CORRIENTE | J68: 796907362 | K68: 88782037 | L68: 33042678
B69: ENDEUDAMIENTO | C69: =+J71/J69 -> 0.52671503 | D69: =+K71/K69 -> 0.06224391 | E69: =+L71/L69 -> 0.2731906 | F69: =+M71/M69 -> #DIV/0! | G69: =+((J71*$J$66)+(K71*$K$66)+(L71*$L$66)+(M71*$M$66))/((J69*$J$66)+(K69*$K$66)+(L69*$L$66)+(M69*$M$66)) -> 0.44525326 | I69: ACTIVO TOTAL | J69: 993632591 | K69: 92582037 | L69: 33042678
B70: COBERTURA DE INTERESES | C70: =+J73/J74 -> 25.376284 | D70: =+K73/K74 -> 53.698782 | E70: =+L73/L74 -> #DIV/0! | F70: =+M73/M74 -> #DIV/0! | G70: =+((J73*$J$66)+(K73*$K$66)+(L73*L66)+(M73*M66))/((J74*$J$66)+(K74*$K$66)+(L74*L66)+(M74*M66)) -> 44.036802 | I70: PASIVO CORRIENTE | J70: 76098254 | K70: 5762668 | L70: 9026949
B71: RENTABILIDAD PATRIMONIO | C71: =+J73/J72 -> 0.33258139 | D71: =+K73/K72 -> 0.17009067 | E71: =+L73/L72 -> 0.58479741 | F71: =+M73/M72 -> #DIV/0! | G71: =+((J73*J66)+(K73*K66)+(L73*L66)+(M73*M66))/((J72*J66)+(K72*K66)+(L72*L66)+(M72*M66)) -> 0.37842911 | I71: PASIVO | J71: 523361221 | K71: 5762668 | L71: 9026949
B72: RENTABILIDAD ACTIVO | C72: =+J73/J69 -> 0.15740577 | D72: =+K73/K69 -> 0.15950357 | E72: =+L73/L69 -> 0.42503625 | F72: =+M73/M69 -> #DIV/0! | G72: =+((J73*J66)+(K73*K66)+(L73*L66)+(M73*M66))/((J69*J66)+(K69*K66)+(L69*L66)+(M69*M66)) -> 0.20993232 | I72: PATRIMONIO | J72: 470271370 | K72: 86819369 | L72: 24015729
I73: UTILIDAD | J73: 156403506 | K73: 14767165 | L73: 14044336
I74: GASTOS DE INTERESES | J74: 6163373 | K74: 275000 | L74: 0
I76: UTILIDAD | J76: 9645748480
I77: GASTOS DE INTERESES | J77: 1152292599
C80: 7.4640242
C81: 0.44525326
C82: 44.036802
C83: 0.37842911
C84: 0.20993232
C86: 7.4640242 | D86: 0.44525326 | E86: 44.036802 | F86: 0.37842911 | G86: 0.20993232
J89: 0.4 | K89: 0.6
B90: CAPACIDAD FINANCIERA | C90: SERARCO SAS | D90: EFRAIN MUÑOZ MOTTA | G90: SUMATORIA | J90: SERARCO SAS | K90: EFRAIN MUÑOZ MOTTA
B91: LIQUIDEZ | C91: =+J91/J93 -> 439.05153 | D91: =+K91/K93 -> 8.7629483 | E91: =+L91/L93 -> #DIV/0! | F91: =+M91/M93 -> #DIV/0! | G91: =+((J91*J89)+(K91*K89)+(L91*L89)+(M91*M89))/((J93*J89)+(K93*K89)+(L93*L89)+(M93*M89)) -> 9.4738575 | I91: ACTIVO CORRIENTE | J91: 366739744 | K91: 2948689430
B92: ENDEUDAMIENTO | C92: =+J94/J92 -> 0.0018311953 | D92: =+K94/K92 -> 0.37878637 | E92: =+L94/L92 -> #DIV/0! | F92: =+M94/M92 -> #DIV/0! | G92: =+((J94*J66)+(K94*K66)+(L94*L66)+(M94*M66))/((J92*J66)+(K92*K66)+(L92*L66)+(M92*M66)) -> 0.32840886 | I92: ACTIVO TOTAL | J92: 456150144 | K92: 2957042710
B93: COBERTURA DE INTERESES | C93: =+J96/J97 -> #DIV/0! | D93: =+K96/K97 -> 9.8472277 | E93: =+L96/L97 -> #DIV/0! | F93: =+M96/M97 -> #DIV/0! | G93: =+((J96*J66)+(K96*K66)+(L96*L89)+(M96*M89))/((J97*J66)+(K97*K66)+(L97*L89)+(M97*M89)) -> 12.182036 | I93: PASIVO CORRIENTE | J93: 835300 | K93: 336495131
B94: RENTABILIDAD PATRIMONIO | C94: =+J96/J95 -> 0.16759274 | D94: =+K96/K95 -> 0.17519881 | E94: =+L96/L95 -> #DIV/0! | F94: =+M96/M95 -> #DIV/0! | G94: =+((J96*J89)+(K96*K89)+(L96*L89)+(M96*M89))/((J95*J89)+(K95*K89)+(L95*L89)+(M95*M89)) -> 0.1741202 | I94: PASIVO | J94: 835300 | K94: 1120087485
B95: RENTABILIDAD ACTIVO | C95: =+J96/J92 -> 0.16728585 | D95: =+K96/K92 -> 0.10883589 | E95: =+L96/L92 -> #DIV/0! | F95: =+M96/M92 -> #DIV/0! | G95: =+((J96*J89)+(K96*K89)+(L96*L89)+(M96*M89))/((J92*J89)+(K92*K89)+(L92*L89)+(M92*M89)) -> 0.11428632 | I95: PATRIMONIO | J95: 455314844 | K95: 1836955225
I96: UTILIDAD | J96: 76307463 | K96: 321832373
I97: GASTOS DE INTERESES | J97: 0 | K97: 32682536
C99: 9.4738575
C100: 0.32840886
C101: 12.182036
C102: 0.1741202
C103: 0.11428632
C105: 9.4738575 | D105: 0.32840886 | E105: 12.182036 | F105: 0.1741202 | G105: 0.11428632
J108: 0.5 | K108: 0.5
B109: CAPACIDAD FINANCIERA | C109: BROKA CONSTRUCCIONES E INTERVENTORIA SAS | D109: TITO II VELASQUEZ BECERRA | G109: SUMATORIA | J109: BROKA CONSTRUCCIONES E INTERVENTORIA SAS | K109: TITO II VELASQUEZ BECERRA
B110: LIQUIDEZ | C110: =+J110/J112 -> 5.5840172 | D110: =+K110/K112 -> 6.9170096 | E110: =+L110/L112 -> #DIV/0! | F110: =+M110/M112 -> #DIV/0! | G110: =+((J110*J108)+(K110*K108)+(L110*L108)+(M110*M108))/((J112*J108)+(K112*K108)+(L112*L108)+(M112*M108)) -> 5.8894663 | I110: ACTIVO CORRIENTE | J110: 6977237190 | K110: 2569175063
B111: ENDEUDAMIENTO | C111: =+J113/J111 -> 0.15856939 | D111: =+K113/K111 -> 0.19648252 | E111: =+L113/L111 -> #DIV/0! | F111: =+M113/M111 -> #DIV/0! | G111: =+((J113*J108)+(K113*K108)+(L113*L108)+(M113*M108))/((J111*J108)+(K111*K108)+(L111*L108)+(M111*M108)) -> 0.17157494 | I111: ACTIVO TOTAL | J111: 7879839690 | K111: 4114474716
B112: COBERTURA DE INTERESES | C112: =+J115/J116 -> #DIV/0! | D112: =+K115/K116 -> 2117.2635 | E112: =+L115/L116 -> #DIV/0! | F112: =+M115/M116 -> #DIV/0! | G112: =+((J115*J108)+(K115*K108)+(L115*L108)+(M115*M108))/((J116*J108)+(K116*K108)+(L116*L108)+(M116*M108)) -> 39253.007 | I112: PASIVO CORRIENTE | J112: 1249501370 | K112: 371428583
B113: RENTABILIDAD PATRIMONIO | C113: =+J115/J114 -> 0.57942246 | D113: =+K115/K114 -> 0.066252775 | E113: =+L115/L114 -> #DIV/0! | F113: =+M115/M114 -> #DIV/0! | G113: =+((J115*J108)+(K115*K108)+(L115*L108)+(M115*M108))/((J114*J108)+(K114*K108)+(L114*L108)+(M114*M108)) -> 0.40867979 | I113: PASIVO | J113: 1249501370 | K113: 808422362
B114: RENTABILIDAD ACTIVO | C114: =+J115/J111 -> 0.4875438 | D114: =+K115/K111 -> 0.053235263 | E114: =+L115/L111 -> #DIV/0! | F114: =+M115/M111 -> #DIV/0! | G114: =+((J115*J108)+(K115*K108)+(L115*L108)+(M115*M108))/((J111*J108)+(K111*K108)+(L111*L108)+(M111*M108)) -> 0.33856058 | I114: PATRIMONIO | J114: 6630338319 | K114: 3306052354
I115: UTILIDAD | J115: 3841766947 | K115: 219035142
I116: GASTOS DE INTERESES | J116: 0 | K116: 103452
C119: 5.8894663
C120: 0.17157494
C121: 39253.007
C122: 0.40867979
C123: 0.33856058
C125: 5.8894663 | D125: 0.17157494 | E125: 39253.007 | F125: 0.40867979 | G125: 0.33856058
J126: 0.5 | K126: 0.5
B127: CAPACIDAD FINANCIERA | C127: WILLIAM CARDONA OLMOS | D127: GEPLANT SAS | G127: SUMATORIA | J127: WILLIAM CARDONA OLMOS | K127: GEPLANT SAS
B128: LIQUIDEZ | C128: =+J128/J130 -> 5.0101166 | D128: =+K128/K130 -> 2.1218067 | E128: =+L128/L130 -> #DIV/0! | F128: =+M128/M130 -> #DIV/0! | G128: =+((J128*J126)+(K128*K126)+(L128*L126)+(M128*M126))/((J130*J126)+(K130*K126)+(L130*L126)+(M130*M126)) -> 4.688896 | I128: ACTIVO CORRIENTE | J128: 6000155110 | K128: 317967575
B129: ENDEUDAMIENTO | C129: =+J131/J129 -> 0.46665863 | D129: =+K131/K129 -> 0.31245586 | E129: =+L131/L129 -> #DIV/0! | F129: =+M131/M129 -> #DIV/0! | G129: =+((J131*J126)+(K131*K126)+(L131*L126)+(M131*M126))/((J129*J126)+(K129*K126)+(L129*L126)+(M129*M126)) -> 0.43118479 | I129: ACTIVO TOTAL | J129: 6562929911 | K129: 1960873155
B130: COBERTURA DE INTERESES | C130: =+J133/J134 -> 5.293985 | D130: =+K133/K134 -> 12.087688 | E130: =+L133/L134 -> #DIV/0! | F130: =+M133/M134 -> #DIV/0! | G130: =+((J133*J126)+(K133*K126)+(L133*L126)+(M133*M126))/((J134*J126)+(K134*K126)+(L134*L126)+(M134*M126)) -> 5.9475996 | I130: PASIVO CORRIENTE | J130: 1197607882 | K130: 149856991
B131: RENTABILIDAD PATRIMONIO | C131: =+J133/J132 -> 0.3244804 | D131: =+K133/K132 -> 0.20476185 | E131: =+L133/L132 -> #DIV/0! | F131: =+M133/M132 -> #DIV/0! | G131: =+((J133*J126)+(K133*K126)+(L133*L126)+(M133*M126))/((J132*J126)+(K132*K126)+(L132*L126)+(M132*M126)) -> 0.29119092 | I131: PASIVO | J131: 3062647895 | K131: 612686307
...

Sheet Hoja3
C2: Capacidad residual | J2: 3716417737 | L2: TRM
C3: proponente | D3: CO | E3: E | F3: CT | G3: CF | H3: SCE | I3: TOTAL CR | L3: 3329
B4: Falta Planilla | C4: OL INGENIERIA DE CONSTRUCCIÓN SAS | D4: 5090713689 | E4: 100 | F4: 20 | G4: 40 | H4: 4245359282 | I4: =+(D4*((E4+F4+G4)/100))-H4 -> 3.8997826e+09 | J4: =IF(I4>$J$2,"CUMPLE","NO CUMPLE") -> CUMPLE | L4: 125000
B5: Falta Planilla | C5: INVERSIONES GUERFOR S.A. | D5: 32143042000 | E5: 120 | F5: 20 | G5: 40 | H5: 3000000000 | I5: =+(D5*((E5+F5+G5)/100))-H5 -> 54857475600 | J5: =IF(I5>$J$2,"CUMPLE","NO CUMPLE") -> CUMPLE | L5: =+L4*L3 -> 416125000 | N5: 1.3610491e+08
C6: ARQUIMCO SAS | D6: 2160063747 | E6: 80 | F6: 40 | G6: 40 | H6: 241928650 | I6: =+(D6*((E6+F6+G6)/100))-H6 -> 3.2141733e+09 | J6: =IF(I6>$J$2,"CUMPLE","NO CUMPLE") -> NO CUMPLE | N6: 393223138
C7: SEGUNDISALVO PARDO | D7: 6551530055 | E7: 120 | F7: 40 | G7: 40 | H7: 1.6185164e+09 | I7: =+(D7*((E7+F7+G7)/100))-H7 -> 1.1484544e+10 | J7: =IF(I7>$J$2,"CUMPLE","NO CUMPLE") -> CUMPLE | N7: 5.8784995e+08
C8: CIVILMAQ SAS | D8: 1926239410 | E8: 80 | F8: 20 | G8: 40 | H8: 203758528 | I8: =+(D8*((E8+F8+G8)/100))-H8 -> 2492976646 | J8: =IF(I8>$J$2,"CUMPLE","NO CUMPLE") -> NO CUMPLE | M8: 53 | N8: 501338397
B9: Falta cert y plan | C9: LAM CONSTRUCCIONES SAS | E9: 120 | F9: 20 | G9: 40 | H9: 0 | I9: =+(D9*((E9+F9+G9)/100))-H9 -> 0 | J9: =IF(I9>$J$2,"CUMPLE","NO CUMPLE") -> NO CUMPLE | M9: 37 | N9: =+N8+N7+N6+N5 -> 1.6185164e+09
B10: Falta Planilla | C10: CONSTRUCTORA ARQUIM | D10: 500132000 | E10: 120 | F10: 20 | G10: 40 | H10: 0 | I10: =+(D10*((E10+F10+G10)/100))-H10 -> 900237600 | J10: =IF(I10>$J$2,"CUMPLE","NO CUMPLE") -> NO CUMPLE | M10: =+M8+M9 -> 90
C11: ARTURO JURADO ALVARAN | D11: 9995600000 | E11: 120 | F11: 40 | G11: 40 | H11: 388835450 | I11: =+(D11*((E11+F11+G11)/100))-H11 -> 19602364550 | J11: =IF(I11>$J$2,"CUMPLE","NO CUMPLE") -> CUMPLE | M11: =+M9/M10 -> 0.41111111
C12: EBISUS SAS | D12: 13816470212 | E12: 120 | F12: 30 | G12: 40 | H12: 1205188372 | I12: =+(D12*((E12+F12+G12)/100))-H12 -> 2.5046105e+10 | J12: =IF(I12>$J$2,"CUMPLE","NO CUMPLE") -> CUMPLE | L12: 68148.15 | M12: 811000 | N12: =+L12*M12 -> 5.526815e+10
B13: Falta Planilla | C13: NEOGLOBAL SAS | D13: 8791644038 | E13: 120 | F13: 20 | G13: 40 | H13: 0 | I13: =+(D13*((E13+F13+G13)/100))-H13 -> 1.5824959e+10 | J13: =IF(I13>$J$2,"CUMPLE","NO CUMPLE") -> CUMPLE | N13: 346044057
B14: falta certif | C14: GRUPO EMPRESARIAL PINZÓN MUÑOZ SAS | E14: 120 | F14: 30 | G14: 40 | H14: 17860051403 | I14: =+(D14*((E14+F14+G14)/100))-H14 -> -17860051403 | J14: =IF(I14>$J$2,"CUMPLE","NO CUMPLE") -> NO CUMPLE | L14: 87919986 | M14: =+L14*M11 -> 36144883 | N14: =+N12/N13 -> 159.7142
C15: INGENIERIA Y TECNOLOGIA APLICADA SAS | D15: 8015756373 | E15: 120 | F15: 20 | G15: 40 | H15: 9210376385 | I15: =+(D15*((E15+F15+G15)/100))-H15 -> 5.2179851e+09 | J15: =IF(I15>$J$2,"CUMPLE","NO CUMPLE") -> CUMPLE
C16: GESTION RURAL Y URBANA SAS | D16: 11091776985 | E16: 120 | F16: 30 | G16: 40 | H16: 1777017905 | I16: =+(D16*((E16+F16+G16)/100))-H16 -> 1.9297358e+10 | J16: =IF(I16>$J$2,"CUMPLE","NO CUMPLE") -> CUMPLE | L16: 49408.11
B17: Falta Planilla | C17: INGENIERIA DE NARIÑO Y ASOCIADOS SAS | E17: 120 | F17: 20 | G17: 40 | H17: 0 | I17: =+(D17*((E17+F17+G17)/100))-H17 -> 0 | J17: =IF(I17>$J$2,"CUMPLE","NO CUMPLE") -> NO CUMPLE | L17: 811000
B18: Falta Planilla | C18: ORGANIZACIÓN PROYECT SAS | E18: 60 | F18: 20 | G18: 40 | H18: 0 | I18: =+(D18*((E18+F18+G18)/100))-H18 -> 0 | J18: =IF(I18>$J$2,"CUMPLE","NO CUMPLE") -> NO CUMPLE | L18: =+L16*L17 -> 40069977210 | M18: 3716417737
B19: Falta Planilla | C19: NORMALIZAR INGENIERIA SAS | E19: 120 | F19: 20 | G19: 40 | H19: 0 | I19: =+(D19*((E19+F19+G19)/100))-H19 -> 0 | J19: =IF(I19>$J$2,"CUMPLE","NO CUMPLE") -> NO CUMPLE | M19: =+L18/M18 -> 10.781882
B20: falta certif | C20: CONSTRUCCIONES KYOTO | D20: 23110757238 | E20: 120 | F20: 40 | G20: 40 | H20: 7573750487 | I20: =+(D20*((E20+F20+G20)/100))-H20 -> 38647763989 | J20: =IF(I20>$J$2,"CUMPLE","NO CUMPLE") -> CUMPLE
C21: SERARCO SAS | D21: 716351692 | E21: 60 | F21: 20 | G21: 40 | H21: 0 | I21: =+(D21*((E21+F21+G21)/100))-H21 -> 8.5962203e+08 | J21: =IF(I21>$J$2,"CUMPLE","NO CUMPLE") -> NO CUMPLE
C22: EFRAIN MUÑOZ MOTTA | D22: 6148275000 | E22: 100 | F22: 20 | G22: 40 | H22: 0 | I22: =+(D22*((E22+F22+G22)/100))-H22 -> 9837240000 | J22: =IF(I22>$J$2,"CUMPLE","NO CUMPLE") -> CUMPLE
C23: MODERLINE | D23: 38617146000 | E23: 120 | F23: 30 | G23: 40 | H23: 3941279728 | I23: =+(D23*((E23+F23+G23)/100))-H23 -> 69431297672 | J23: =IF(I23>$J$2,"CUMPLE","NO CUMPLE") -> CUMPLE
C24: BROKA CONSTRUCCIONES E INTERVENTORIA SAS | D24: 9171566158 | E24: 80 | F24: 40 | G24: 40 | I24: =+(D24*((E24+F24+G24)/100))-H24 -> 1.4674506e+10 | J24: =IF(I24>$J$2,"CUMPLE","NO CUMPLE") -> CUMPLE
C25: TITO II VELASQUEZ BECERRA | D25: 9027934607 | E25: 100 | F25: 40 | G25: 40 | I25: =+(D25*((E25+F25+G25)/100))-H25 -> 1.6250282e+10 | J25: =IF(I25>$J$2,"CUMPLE","NO CUMPLE") -> CUMPLE
B26: falta certif | C26: WILLIAM CARDONA OLMOS | D26: 15369319795 | E26: 120 | F26: 30 | G26: 40 | H26: 9.7044717e+09 | I26: =+(D26*((E26+F26+G26)/100))-H26 -> 1.9497236e+10 | J26: =IF(I26>$J$2,"CUMPLE","NO CUMPLE") -> CUMPLE
B27: falta cert y plan | C27: GEPLANT SAS | D27: 410602351 | E27: 120 | F27: 30 | G27: 40 | H27: 1.9765842e+08 | I27: =+(D27*((E27+F27+G27)/100))-H27 -> 5.8248605e+08 | J27: =IF(I27>$J$2,"CUMPLE","NO CUMPLE") -> NO CUMPLE
C28: DISCEP SAS | D28: 19613002994 | E28: 120 | F28: 30 | G28: 40 | H28: 13375223941 | I28: =+(D28*((E28+F28+G28)/100))-H28 -> 2.3889482e+10 | J28: =IF(I28>$J$2,"CUMPLE","NO CUMPLE") -> CUMPLE
C29: INGENIERIA INTEGRAL PROYECTOS LOGISTICA Y ARQUITECTURA | D29: 5554170630 | E29: 120 | F29: 20 | G29: 40 | H29: 793800138 | I29: =+(D29*((E29+F29+G29)/100))-H29 -> 9203706996 | J29: =IF(I29>$J$2,"CUMPLE","NO CUMPLE") -> CUMPLE
B30: Falta Planilla | C30: SYOC DISEÑO Y CONSTRUCCIÓN SAS | D30: 740459510 | E30: 60 | F30: 20 | G30: 40 | I30: =+(D30*((E30+F30+G30)/100))-H30 -> 888551412 | J30: =IF(I30>$J$2,"CUMPLE","NO CUMPLE") -> NO CUMPLE
B31: Falta cert | C31: JULIO JAVIER PALOMINO CASTILLO | D31: 19623150000 | E31: 120 | F31: 20 | G31: 40 | H31: 6546415668 | I31: =+(D31*((E31+F31+G31)/100))-H31 -> 28775254332 | J31: =IF(I31>$J$2,"CUMPLE","NO CUMPLE") -> CUMPLE
A32: Sin documentos de k res | C32: VICTOR JULIO NASSIFF FIGUEROA | D32: 5823145000 | G32: 40 | I32: =+(D32*((E32+F32+G32)/100))-H32 -> 2329258000 | J32: =IF(I32>$J$2,"CUMPLE","NO CUMPLE") -> NO CUMPLE
A33: Sin documentos de k res | B33: Falta Planilla | C33: BRACO CONSTRUCTOR SAS | D33: 9589304123 | G33: 40 | I33: =+(D33*((E33+F33+G33)/100))-H33 -> 3.8357216e+09 | J33: =IF(I33>$J$2,"CUMPLE","NO CUMPLE") -> CUMPLE
B34: Falta Planilla | C34: ARIETE INGENIERIA Y CONSTRUCCIONES SAS | D34: 3694681000 | E34: 80 | F34: 30 | G34: 40 | H34: 131678289 | I34: =+(D34*((E34+F34+G34)/100))-H34 -> 5410343211 | J34: =IF(I34>$J$2,"CUMPLE","NO CUMPLE") -> CUMPLE
A35: Sin documentos de k res | B35: Falta Planilla | C35: SERVICIOS INTEGRALES DE CONSTRUCCION | D35: 1472526661 | I35: =+(D35*((E35+F35+G35)/100))-H35 -> 0 | J35: =IF(I35>$J$2,"CUMPLE","NO CUMPLE") -> NO CUMPLE
A36: Sin documentos de k res F3 | B36: Falta Planilla | C36: JAIME ANDRES AREVALO | E36: 80 | F36: 30 | G36: 40 | I36: =+(D36*((E36+F36+G36)/100))-H36 -> 0 | J36: =IF(I36>$J$2,"CUMPLE","NO CUMPLE") -> NO CUMPLE
A37: Sin documentos de k res F3 | B37: Falta Planilla | C37: PROINCO INGENIERIA SAS | E37: 80 | F37: 30 | G37: 40 | I37: =+(D37*((E37+F37+G37)/100))-H37 -> 0 | J37: =IF(I37>$J$2,"CUMPLE","NO CUMPLE") -> NO CUMPLE
B38: Falta Planilla | C38: OBRAS Y SISTEMAS SAS | E38: 80 | F38: 20 | G38: 40 | H38: 142393418 | I38: =+(D38*((E38+F38+G38)/100))-H38 -> -142393418 | J38: =IF(I38>$J$2,"CUMPLE","NO CUMPLE") -> NO CUMPLE
B39: Falta Planilla | C39: HERING SAS | E39: 60 | F39: 20 | G39: 40 | I39: =+(D39*((E39+F39+G39)/100))-H39 -> 0 | J39: =IF(I39>$J$2,"CUMPLE","NO CUMPLE") -> NO CUMPLE
A40: Sin documentos de k res | C40: OBRACOL SAS CONSTRUCTORA | I40: =+(D40*((E40+F40+G40)/100))-H40 -> 0 | J40: =IF(I40>$J$2,"CUMPLE","NO CUMPLE") -> NO CUMPLE
C41: CONSTRUIR XXI SAS | E41: 120 | F41: 40 | G41: 40 | H41: 14562657750 | I41: =+(D41*((E41+F41+G41)/100))-H41 -> -14562657750 | J41: =IF(I41>$J$2,"CUMPLE","NO CUMPLE") -> NO CUMPLE
C42: CONSTRUCTORA DARJA SAS | E42: 60 | F42: 20 | G42: 40 | I42: =+(D42*((E42+F42+G42)/100))-H42 -> 0 | J42: =IF(I42>$J$2,"CUMPLE","NO CUMPLE") -> NO CUMPLE
C43: ARINDEC SAS | E43: 120 | F43: 40 | G43: 40 | H43: 96129834 | I43: =+(D43*((E43+F43+G43)/100))-H43 -> -96129834 | J43: =IF(I43>$J$2,"CUMPLE","NO CUMPLE") -> NO CUMPLE
C44: CARLOS RODOLFO DAZA RAMIREZ | D44: 3844680457 | E44: 80 | F44: 20 | G44: 40 | H44: 1211696260 | I44: =+(D44*((E44+F44+G44)/100))-H44 -> 4.1708564e+09 | J44: =IF(I44>$J$2,"CUMPLE","NO CUMPLE") -> CUMPLE
C45: OMAIRA RIAÑO MOLANO | D45: 6854962000 | E45: 120 | F45: 40 | G45: 40 | H45: 1232204035 | I45: =+(D45*((E45+F45+G45)/100))-H45 -> 12477719965 | J45: =IF(I45>$J$2,"CUMPLE","NO CUMPLE") -> CUMPLE
C46: CONSTRUCTORA SAKARAH LTDA | D46: 3864598295 | E46: 80 | F46: 40 | G46: 40 | H46: 1130138889 | I46: =+(D46*((E46+F46+G46)/100))-H46 -> 5053218383 | J46: =IF(I46>$J$2,"CUMPLE","NO CUMPLE") -> CUMPLE | L46: 82189864
A47: Sin documentos de k res | B47: falta cert y plan | C47: CONTRONET LTDA | D47: 1876804119 | E47: 60 | F47: 20 | G47: 40 | I47: =+(D47*((E47+F47+G47)/100))-H47 -> 2.2521649e+09 | J47: =IF(I47>$J$2,"CUMPLE","NO CUMPLE") -> NO CUMPLE | L47: 19875282
B48: Falta Planilla | C48: CONSTRUCTORA GILLI SAS | D48: 0 | E48: 60 | F48: 20 | G48: 40 | I48: =+(D48*((E48+F48+G48)/100))-H48 -> 0 | J48: =IF(I48>$J$2,"CUMPLE","NO CUMPLE") -> NO CUMPLE | L48: =+L46+L47 -> 102065146
B49: Falta Planilla | C49: JAVIER ORLANDO RAMIREZ RODRIGUEZ | D49: 1418093220 | E49: 60 | F49: 40 | G49: 40 | I49: =+(D49*((E49+F49+G49)/100))-H49 -> 1.9853305e+09 | J49: =IF(I49>$J$2,"CUMPLE","NO CUMPLE") -> NO CUMPLE | L49: =+L48+H46 -> 1232204035
C50: GUSTAVO ADOLFO TORRES DUARTE | D50: 13136842031 | E50: 120 | F50: 40 | G50: 40 | H50: 956009774 | I50: =+(D50*((E50+F50+G50)/100))-H50 -> 25317674288 | J50: =IF(I50>$J$2,"CUMPLE","NO CUMPLE") -> CUMPLE
C51: MAURICIO RAFAEL PABA PINZÓN | D51: 11804286023 | E51: 120 | F51: 30 | G51: 40 | H51: 4142892750 | I51: =+(D51*((E51+F51+G51)/100))-H51 -> 1.8285251e+10 | J51: =IF(I51>$J$2,"CUMPLE","NO CUMPLE") -> CUMPLE
C52: ESFUERZO VERTICAL SAS | D52: 597072017 | E52: 120 | F52: 30 | G52: 40 | H52: 1103049917 | I52: =+(D52*((E52+F52+G52)/100))-H52 -> 31386915 | J52: =IF(I52>$J$2,"CUMPLE","NO CUMPLE") -> NO CUMPLE
C53: CUMBRE ASOCIADOS LIMITADA | D53: 4302438360 | E53: 100 | F53: 20 | G53: 40 | H53: 2145665305 | I53: =+(D53*((E53+F53+G53)/100))-H53 -> 4738236071 | J53: =IF(I53>$J$2,"CUMPLE","NO CUMPLE") -> CUMPLE
C54: M&M INGENIEROS ASOCIADOS | D54: 8367939114 | E54: 120 | F54: 40 | G54: 40 | H54: 2592610873 | I54: =+(D54*((E54+F54+G54)/100))-H54 -> 14143267355 | J54: =IF(I54>$J$2,"CUMPLE","NO CUMPLE") -> CUMPLE
C55: NM SERVICIOS INTEGRADOS COLOMBIA SAS | D55: 2589549849 | E55: 100 | F55: 20 | G55: 40 | I55: =+(D55*((E55+F55+G55)/100))-H55 -> 4.1432798e+09 | J55: =IF(I55>$J$2,"CUMPLE","NO CUMPLE") -> CUMPLE
